 Dungeon Crawl Stone Soup version 0.27-a0-1612-gde56a17b89 (webtiles) character file.

Game seed: 7501352171131578709

51 quinnr the Gusty (level 3, -1/19 HPs)
             Began as a Tengu Air Elementalist on July 21, 2021.
             Slain by a quokka (3 damage)
             ... on level 3 of the Dungeon.
             The game lasted 00:05:20 (2160 turns).

quinnr the Gusty (Tengu Air Elementalist)           Turns: 2160, Time: 00:05:21

Health: -1/19      AC:  2    Str:  8    XL:     3   Next: 83%
Magic:  0/7        EV: 12    Int: 16    God:
Gold:   22         SH:  0    Dex: 14    Spells: 5/6 levels left

rFire    . . .     SeeInvis .   (no weapon)
rCold    . . .     Faith    .   (no shield)
rNeg     . . .     Spirit   .   a - +0 robe
rPois    .         Reflect  .   (helmet restricted)
rElec    .         Harm     .   (no cloak)
rCorr    .         Rampage  .   (no gloves)
Will     .....                  (boots unavailable)
Stlth    ++........             (no amulet)
HPRegen  0.06/turn              (no ring)
MPRegen  0.10/turn              (no ring)

@: flying
A: beak, talons 3
a: no special abilities


You were on level 3 of the Dungeon.
You visited 1 branch of the dungeon, and saw 3 of its levels.

You collected 92 gold pieces.
You spent 70 gold pieces at shops.

Inventory:

Armour
 a - a +0 robe (worn)
Jewellery
 i - an amulet of faith
Scrolls
 d - a scroll of identify {unknown}
 g - a scroll of vulnerability {unknown}
Potions
 b - a potion of degeneration {unknown}
 c - a potion of brilliance {unknown}
 e - a potion of curing {unknown}
 f - a potion of flight
 h - a potion of heal wounds


   Skills:
 - Level 2.1 Dodging
 + Level 2.8 Stealth
 - Level 2.0 Spellcasting
 - Level 1.3 Conjurations
 + Level 5.6 Air Magic


You had 5 spell levels left.
You knew the following spells:

 Your Spells              Type           Power      Damage    Failure   Level
a - Shock                 Conj/Air       48%        1d6       4%          1

Your spell library contained the following spells:

 Spells                   Type           Power      Damage    Failure   Level
 Swiftness                Air            19%        N/A       6%          3
 Static Discharge         Conj/Air       12%        N/A       8%          2
 Airstrike                Air            9%         N/A       21%         4


Dungeon Overview and Level Annotations

Branches:
Dungeon (3/15)

Altars:

Shops:
D:3 !

Annotations:
D:3 exclusion: ogre, Ijyb


Innate Abilities, Weirdness & Mutations

You have a beak for a mouth.
You have claws for feet.


Message History

The quokka is moderately wounded.
Ijyb closely misses you.
Ijyb drinks a potion.
Ijyb is healed!
You see here a +0 chain mail.
Okay, then.
Okay, then.
It was a potion of flight.
You feel very buoyant.
You fly up into the air.
Unknown command.
Okay, then.
Okay, then.
Ijyb hits you with a +0 club.
Casting: Shock (safe; 4% risk of failure)
Confirm with . or Enter, or press ? or * to list all spells.
You don't have enough magic to cast this spell.
You hit Ijyb but do no damage. Ijyb hits you with a +0 club.
The quokka barely misses you.
You closely miss Ijyb. Your kick misses Ijyb. Ijyb hits you with a +0 club.
* * * LOW HITPOINT WARNING * * *
The quokka bites you but does no damage.
Unknown command.
Casting: Shock (safe; 4% risk of failure)
Confirm with . or Enter, or press ? or * to list all spells.
Aiming: Shock (safe; 4% risk of failure)
Press: ? - help, Shift-Dir - straight line, p - quokka
Okay, then.
Casting: Shock (safe; 4% risk of failure)
Confirm with . or Enter, or press ? or * to list all spells.
Aiming: Shock (safe; 4% risk of failure)
Press: ? - help, Shift-Dir - straight line, p - quokka The zap hits Ijyb.
Ijyb is lightly wounded.
The zap hits Ijyb.
Ijyb is moderately wounded.
The quokka closely misses you. Ijyb misses you.
Unknown command.
Ijyb zaps a wand.
Some rock shatters into small pieces.
The quokka bites you.
You die...

#####......#
###.........#
#...........#
#..[........#
##...............
#..g..........###
#............#
#..r.........#
#..@.........#
#........###...
#.......#.. ...
#..........
#..........
#..........
#..........
#.......#..


You could see Ijyb and a quokka.

Vanquished Creatures
  An adder (D:2)
  A dart slug (D:2)
  An orc (D:3)
  5 endoplasms
  2 giant cockroaches
  2 goblins
  6 hobgoblins
  2 jackals (D:2)
  3 quokkas (D:1)
  3 ball pythons
  3 bats
  2 frilled lizards (D:1)
  2 kobolds
  4 rats
37 creatures vanquished.

Vanquished Creatures (others)
  3 plants (D:1)
3 creatures vanquished.

Grand Total: 40 creatures vanquished

Notes
Turn   | Place    | Note
-------+----------+-------------------------------------------
     0 | D:1      | quinnr the Tengu Air Elementalist began the quest for the
                  | Orb.
     0 | D:1      | Reached XP level 1. HP: 10/10 MP: 4/4
   227 | D:1      | Reached XP level 2. HP: 15/15 MP: 1/6
   390 | D:1      | Reached skill level 5 in Air Magic
   954 | D:2      | Reached XP level 3. HP: 13/19 MP: 0/7
  1680 | D:2      | Found a faded altar of an unknown god.
  1980 | D:3      | Found Goankalo's Distillery.
  1988 | D:3      | Bought a potion of heal wounds for 70 gold pieces
  2016 | D:3      | Noticed an ogre
  2134 | D:3      | Noticed Ijyb
  2160 | D:3      | Slain by a quokka

Illustrated notes

Levels and vault maps discovered:
D:1:      lightli_arrival_flooded_house, layout_rooms
D:2:      layout_loops_ring, ebering_ecumenical_altar_rust, grunt_ministairs_5,
          minmay_crystal_room
D:3:      layout_basic, fedhas_altar_3, serial_shops, nicolae_shop_statue_plus,
          shop, portal_sewer_entry_c, uniq_ijyb

Skill      XL: |  1  2 |
---------------+-------+-----
Air Magic      | 5 |  5.6
Dodging        | |  2.1
Stealth        | |  2.8
Spellcasting   | |  2.0
Conjurations   | |  1.3

Action                   || total
-------------------------++-------
Melee: Unarmed           ||    10
       Kick              ||     2
       Peck              ||     2
 Cast: Shock             ||    84
  Use: Potion            ||     1
Armor: Robe              ||     4
Dodge: Dodged            ||    14

Table legend: (Time is in decaauts)
 A = Elapsed time spent in this place.
 B = Non-inter-level travel time spent in this place.
 C = Inter-level travel time spent in this place.
 D = Time resting spent in this place.
 E = Time spent auto-exploring this place.
 F = Levels seen in this place.
 G = Mean time per level.
                   A        B        C        D        E       F      G
               +--------+--------+--------+--------+--------+-----+--------+
         Total |   2160 |   2100 |     60 |    124 |   1703 |   3 |  720.0 |
       Dungeon |   2160 |   2100 |     60 |    124 |   1703 |   3 |  720.0 |
               +--------+--------+--------+--------+--------+-----+--------+

Top non-repeatable levels by time:
     D:1: 1124 daAuts
     D:2: 856 daAuts
     D:3: 179 daAuts
